 Dungeon Crawl Stone Soup version 0.26-a0-651-gb41185065b (webtiles) character file.

Game seed: 2295554464447202020

370 Lanoc the Skirmisher (level 6, -8/44 HPs)
             Began as an Octopode Abyssal Knight on Oct 15, 2020.
             Was a Believer of Lugonu.
             Mangled by a phantom (10 damage)
             ... in the Ecumenical Temple.
             The game lasted 00:04:33 (3370 turns).

Lanoc the Skirmisher (Octopode Abyssal Knight)      Turns: 3370, Time: 00:04:34

Health: -8/44      AC:  1    Str: 12    XL:     6   Next: 70%
Magic:  9/9        EV: 15    Int: 14    God:    Lugonu [**....]
Gold:   130        SH:  0    Dex: 13    Spells: 5/5 levels left

rFire    . . .     SeeInvis .   a - +1 spear
rCold    . . .     Faith    .   (no shield)
rNeg     . . .     Spirit   .   (helmet restricted)
rPois    .         Reflect  .   (no amulet)
rElec    .         Harm     .   c - ring of attention
rCorr    .         Rampage  .   (no ring)
MR       .....                  (no ring)
Stlth    ++........             (no ring)
HPRegen  0.14/turn              (no ring)
MPRegen  0.11/turn              (no ring)
                                (no ring)
                                (no ring)

@: no status effects
A: almost no armour, stealthy swim, amphibious, 8 rings, constrict 8, camouflage
1, gelatinous body 1
a: Depart the Abyss, Bend Space, Renounce Religion


You were in the Ecumenical Temple.
You worshipped Lugonu.
Lugonu was pleased with you.
You visited 2 branches of the dungeon, and saw 5 of its levels.
You visited the Abyss 1 time.
You also visited: Ossuary.

You collected 130 gold pieces.

Inventory:

Hand Weapons
 a - a +1 spear (weapon)
Jewellery
 c - a ring of attention (left tentacle)
Scrolls
 b - 8 scrolls of remove curse
 d - 2 scrolls of identify
 e - a scroll of enchant weapon {unknown}
 f - 2 scrolls of holy word {unknown}
 h - a scroll of amnesia
 j - a scroll of random uselessness {unknown}
 k - 2 scrolls of immolation {unknown}
 l - 3 scrolls of teleportation {unknown}
Potions
 g - a potion of curing
 i - a potion of haste


   Skills:
 + Level 4.4 Fighting
 + Level 3.7 Polearms
 + Level 4.0 Dodging
 + Level 4.0 Invocations


You had 5 spell levels left.
You didn't know any spells.
Your spell library was empty.

Dungeon Overview and Level Annotations

Branches:
Dungeon (4/15)             Temple (1/1) D:4         Ossuary (visited)

Altars:
Dithmenos
Qazlal
Sif Muna
Yredelemnul

Annotations:
D:4 Edmund


Innate Abilities, Weirdness & Mutations

You cannot wear most types of armour.
You are very stealthy in the water. (Stealth+)
You are amphibious.
You can wear up to eight rings at the same time.
You can use your tentacles to constrict eight enemies at once.
Your skin changes colour to match your surroundings (Stealth+).
Your rubbery body absorbs attacks. (AC +1, EV +1)


Message History

The phantom is lightly damaged.
The phantom blinks!
Attack whom?
Press: ? - help, Dir - move target cursor, f/p - phantom
Aim: a phantom (water, lightly damaged)
You reach to attack!
You closely miss the phantom.
The phantom is lightly damaged.
You hit the phantom but do no damage.
The phantom is lightly damaged.
The phantom misses you.
You hit the phantom but do no damage. Your squeeze misses the phantom.
The phantom is lightly damaged.
The phantom hits you!
* * * LOW HITPOINT WARNING * * *
Press: ? - help, Dir - move target cursor, p - phantom You reach to attack!
You attack empty space.
The phantom closely misses you.
You hit the phantom.
The phantom is lightly damaged.
The phantom hits you!
You die...

≈≈≈≈≈≈≈≈...≈≈≈≈≈≈≈≈≈≈
≈≈≈≈≈≈≈≈≈...≈≈≈≈≈≈≈≈≈
≈≈≈≈≈≈≈≈≈≈...≈≈≈≈≈≈≈≈
≈≈≈≈≈≈≈≈...........≈≈
≈≈≈≈≈≈≈..8...<...8..≈
≈≈≈≈≈≈≈≈l..........≈≈
≈≈≈≈≈≈≈≈≈≈≈≈≈≈...≈≈≈≈
≈≈≈≈≈≈≈≈W≈≈≈≈≈≈...≈≈≈
≈≈≈≈≈≈≈≈@≈≈≈≈≈≈≈...≈≈
≈≈≈≈≈≈≈≈≈≈≈≈≈≈≈≈...≈≈
≈≈≈≈≈≈≈≈≈≈≈≈≈≈≈...≈≈≈
≈≈≈≈≈≈≈≈≈≈≈≈≈≈...≈≈≈≈
≈≈≈≈≈≈≈...≈≈≈.......
≈≈≈≈≈≈.._........._
≈≈≈≈≈≈≈......_.....
≈≈≈≈≈≈...≈≈...≈≈..


You could see a phantom and an iguana.

Vanquished Creatures
  An elf zombie (Ossuary)
  A centaur zombie (Ossuary)
  A jelly (D:4)
  2 worker ants
  A big kobold zombie (Ossuary)
  2 mummies (Ossuary)
  3 gnolls (D:4)
  5 adders
  An ooze (D:3)
  2 adder zombies (Ossuary)
  A worm (D:4)
  3 leopard geckos
  An orc (D:4)
  3 giant cockroaches
  A goblin (D:3)
  5 hobgoblins
  6 jackals (D:3)
  A ball python (D:3)
  2 frilled lizards
  A goblin zombie (Ossuary)
  5 hobgoblin zombies (Ossuary)
  4 jackal zombies (Ossuary)
  11 kobold zombies (Ossuary)
  8 orc zombies (Ossuary)
  5 rats
  2 rat zombies (Ossuary)
78 creatures vanquished.

Notes
Turn   | Place    | Note
-------+----------+-------------------------------------------
     0 | Abyss:1  | Lanoc the Octopode Abyssal Knight began the quest for the
                  | Orb.
     0 | Abyss:1  | Reached XP level 1. HP: 16/16 MP: 2/2
     4 | Abyss:1  | Found a corrupted altar of Lugonu.
    33 | Abyss:2  | Noticed a small abomination
    43 | Abyss:2  | Noticed a raiju
    59 | Abyss:2  | Noticed a ynoxinul
    64 | Abyss:2  | Noticed a wolf spider zombie
    64 | Abyss:2  | Noticed a smoke demon
    78 | D:1      | Escaped the Abyss
   178 | D:2      | Reached XP level 2. HP: 18/21 MP: 3/3
   239 | D:2      | Reached * piety under Lugonu
   285 | D:3      | Reached XP level 3. HP: 23/26 MP: 4/4
   734 | D:3      | Reached XP level 4. HP: 31/31 MP: 6/6
  1421 | D:4      | Found a sand-covered staircase.
  1430 | D:4      | Reached XP level 5. HP: 32/37 MP: 7/7
  1561 | Ossuary  | Entered an ossuary
  1673 | Ossuary  | Reached ** piety under Lugonu
  1789 | Ossuary  | Reached XP level 6. HP: 19/43 MP: 8/8
  2384 | D:4      | Noticed Edmund
  3218 | D:4      | Found a shimmering blue altar of Sif Muna.
  3331 | D:4      | Noticed a phantom
  3340 | D:4      | Found a staircase to the Ecumenical Temple.
  3348 | Temple   | Entered the Ecumenical Temple
  3368 | Temple   | HP: 2/44 [phantom (9)]
  3370 | Temple   | Mangled by a phantom

Illustrated notes

Levels and vault maps discovered:
D:1:      matt_arrival_spirals, layout_rooms
D:2:      layout_loops_ring
D:3:      layout_loops_ring, grunt_ministairs_14, st_stairs_10
D:4:      layout_loops_ring, temple_statues, enter_ossuary_5,
          minmay_misc_feat_roman, led_sif_pool, uniq_edmund
Temple:   eino_temple_water

Skill      XL: |  1  2  3  4  5  6 |
---------------+-------------------+-----
Dodging        | 3 4 |  4.0
Polearms       | 3 |  3.7
Invocations    | 3 4 |  4.0
Fighting       | 4 |  4.4

Action                   |  1- 3 |  4- 6 || total
-------------------------+-------+-------++-------
Melee: Spear             |    48 |   205 ||   253
       Constrict         |    13 |    48 ||    61
       Tentacles         |    10 |    33 ||    43
Invok: Depart the Abyss  |     1 |       ||     1
  Use: Scroll            |       |     6 ||     6
       Potion            |       |     5 ||     5
 Stab: Sleeping          |       |     5 ||     5
Armor: Skin              |       |     4 ||     4
Dodge: Dodged            |    32 |    98 ||   130

Table legend: (Time is in decaauts)
 A = Elapsed time spent in this place.
 B = Non-inter-level travel time spent in this place.
 C = Inter-level travel time spent in this place.
 D = Time resting spent in this place.
 E = Time spent auto-exploring this place.
 F = Levels seen in this place.
 G = Mean time per level.
                   A        B        C        D        E       F      G
               +--------+--------+--------+--------+--------+-----+--------+
         Total |   3337 |   3282 |     55 |    300 |   2414 |   8 |  417.1 |
       Dungeon |   2463 |   2408 |     55 |    300 |   1768 |   4 |  615.8 |
        Temple |     21 |     21 |      0 |      0 |      0 |   1 |   21.0 |
         Abyss |     77 |     77 |      0 |      0 |     32 |   2 |   38.5 |
       Ossuary |    775 |    775 |      0 |      0 |    614 |   1 |  775.0 |
               +--------+--------+--------+--------+--------+-----+--------+

Top non-repeatable levels by time:
     D:3: 1321 daAuts
     D:4: 963 daAuts
 Ossuary: 775 daAuts
     D:2: 91 daAuts
     D:1: 86 daAuts
 Abyss:2: 63 daAuts
  Temple: 21 daAuts
 Abyss:1: 14 daAuts
